BSA
IRVINE GANG GREEN @ NEVADA NOISE
04/08/2027
 
TOP OF THE 1ST
Irvine Gang Green batting - Pitching for Los Cabos Cartel : RHP Marty Burgess
Pitching: RHP Marty Burgess
Batting: LHB Leonardo Medina 0-0: Ball
1-0: Called Strike
1-1: Foul Ball, location: 2F
1-2: Foul Ball, location: 2F
1-2: Ball
2-2: Ball
3-2: SINGLE (Groundball, 6D)
Batting: LHB Jesús Campos 0-0: Called Strike
0-1: Swinging Strike
0-2: Foul Ball, location: 2F
0-2: Ball
1-2: Fly out, F9 (Flyball, 9S)
Batting: LHB Jorge Martínez 0-0: Called Strike
0-1: Foul Ball, location: 2F
0-2: Ball
1-2: Ball
2-2: SINGLE (Line Drive, 8RS)
Leonardo Medina to second
Batting: LHB Víctor Quiñones 0-0: Swinging Strike
0-1: Ground out 6-3 (Groundball, 6S)
Leonardo Medina to third
Jorge Martínez to second
Batting: RHB Buck Jones 0-0: Ball
1-0: Ground out 5-3 (Groundball, 56S)
Top of the 1st over - 0 run(s), 2 hit(s), 0 error(s), 2 left on base; Irvine 0 - Los Cabos 0
BOTTOM OF THE 1ST
Los Cabos Cartel batting - Pitching for Irvine Gang Green : RHP Jung Chwa
Pitching: RHP Jung Chwa
Batting: RHB Fernando Martínez 0-0: Ball
1-0: Ball
2-0: Ground out 1-3 (Groundball, P)
Batting: LHB Stanley Mullins 0-0: Ball
1-0: Called Strike
1-1: Ball
2-1: Ball
3-1: SOLO HOME RUN (Flyball, 89XD), Distance : 416 ft
Batting: SHB Julián Madrid 0-0: Called Strike
0-1: Foul Ball, location: 2F
0-2: Foul Ball, location: 2F
0-2: Fly out, F8 (Flyball, 8LM)
Batting: RHB Edward Young 0-0: Called Strike
0-1: Foul Ball, location: 2F
0-2: SINGLE (Groundball, 56D)
Batting: LHB Willie Wallace 0-0: Called Strike
0-1: Ball
1-1: DOUBLE (Flyball, 78D)
Edward Young to third
Runner from 3rd tries for Home, SAFE, no throw
Batting: RHB Stephen Wilson 0-0: Called Strike
0-1: Ball
1-1: Ball
2-1: Foul Ball, location: 2F
2-2: Foul Ball, location: 2F
2-2: Foul Ball, location: 2F
2-2: Foul Ball, location: 2F
2-2: Ball
3-2: Ground out 6-3 (Groundball, 56)
Bottom of the 1st over - 2 run(s), 3 hit(s), 0 error(s), 1 left on base; Irvine 0 - Los Cabos 2
TOP OF THE 2ND
Irvine Gang Green batting - Pitching for Los Cabos Cartel : RHP Marty Burgess
Batting: LHB José Sánchez 0-0: Ground out 4-3 (Groundball, 4)
Batting: RHB José Salazar 0-0: Ball
1-0: Ball
2-0: Foul Ball, location: 2F
2-1: Ball
3-1: Called Strike
3-2: Foul Ball, location: 2F
3-2: DOUBLE (Flyball, 8LXD)
Batting: LHB Tony Tavárez 0-0: Ball
1-0: Ball
2-0: Swinging Strike
2-1: Ball
3-1: Base on Balls
Batting: RHB Tom Doherty 0-0: Ball
1-0: SINGLE (Groundball, 6MD)
José Salazar to third
Tony Tavárez to second
Runner from 3rd tries for Home, throw and OUT!
Batting: LHB Leonardo Medina 0-0: Swinging Strike
0-1: Ball
1-1: Swinging Strike
1-2: SINGLE (Line Drive, 9LS)
Tony Tavárez to third
Tom Doherty to second
Runner from 3rd tries for Home, SAFE, no throw
Batting: LHB Jesús Campos 0-0: Ball
1-0: Ball
2-0: Ball
3-0: Base on Balls
Tom Doherty to third
Leonardo Medina to second
Batting: LHB Jorge Martínez 0-0: Swinging Strike
0-1: Foul Ball, location: 2F
0-2: Ball
1-2: Strikes out swinging
Top of the 2nd over - 1 run(s), 3 hit(s), 0 error(s), 3 left on base; Irvine 1 - Los Cabos 2
BOTTOM OF THE 2ND
Los Cabos Cartel batting - Pitching for Irvine Gang Green : RHP Jung Chwa
Batting: LHB Luis González 0-0: Ball
1-0: Called Strike
1-1: Ball
2-1: Foul Ball, location: 2F
2-2: SINGLE (Groundball, 34D)
Batting: LHB Doyle Otterburn 0-0: Ball
1-0: Ball
Wild Pitch!
Luis González to second
2-0: Ball
3-0: Called Strike
3-1: Fly out, F4 (Popup, 4S)
Batting: RHB José Hernández 0-0: Ball
1-0: Ball
2-0: SINGLE (Line Drive, 6M)
Luis González to third
Runner from 3rd tries for Home, SAFE, no throw
Batting: RHB Fernando Martínez 0-0: Called Strike
0-1: Swinging Strike
0-2: Strikes out swinging
Batting: LHB Stanley Mullins 0-0: Ball
1-0: Foul Ball, location: 2F
1-1: Ball
2-1: Foul Ball, location: 2F
2-2: Ball
3-2: Ground out 6-3 (Groundball, 6)
Bottom of the 2nd over - 1 run(s), 2 hit(s), 0 error(s), 1 left on base; Irvine 1 - Los Cabos 3
TOP OF THE 3RD
Irvine Gang Green batting - Pitching for Los Cabos Cartel : RHP Marty Burgess
Batting: LHB Víctor Quiñones 0-0: Called Strike
0-1: Ball
1-1: Foul Ball, location: 2F
1-2: Ball
2-2: Ball
3-2: Foul Ball, location: 2F
3-2: SINGLE (Groundball, 4MD)
Batting: RHB Buck Jones 0-0: Ball
1-0: Foul Ball, location: 2F
Balk!
Víctor Quiñones to second
1-1: Ball
2-1: Foul Ball, location: 2F
2-2: Foul Ball, location: 2F
2-2: Ball
3-2: Foul Ball, location: 2F
3-2: Fly out, F9 (Flyball, 9LS)
Batting: LHB José Sánchez 0-0: Called Strike
0-1: SINGLE (Groundball, 56D)
Víctor Quiñones to third
Batting: RHB José Salazar 0-0: Ball
1-0: Called Strike
1-1: Swinging Strike
1-2: Ball
2-2: Ball
3-2: Base on Balls
José Sánchez to second
Batting: LHB Tony Tavárez 0-0: Called Strike
0-1: Fly out, F8 (Flyball, 8LM)
Runner from 3rd tags up, SCORES, throw made
Batting: RHB Tom Doherty 0-0: Ball
1-0: Called Strike
1-1: Foul Ball, location: 2F
1-2: SINGLE (Line Drive, 7S)
José Sánchez to third
José Salazar to second
Runner from 3rd tries for Home, SAFE, no throw
Batting: LHB Leonardo Medina 0-0: Called Strike
0-1: Ball
1-1: Foul Ball, location: 2F
1-2: Ball
2-2: Strikes out swinging
Top of the 3rd over - 2 run(s), 3 hit(s), 0 error(s), 2 left on base; Irvine 3 - Los Cabos 3
BOTTOM OF THE 3RD
Los Cabos Cartel batting - Pitching for Irvine Gang Green : RHP Jung Chwa
Batting: SHB Julián Madrid 0-0: Ball
1-0: Swinging Strike
1-1: SINGLE (Groundball, 4D)
Batting: RHB Edward Young 0-0: Called Strike
0-1: Ball
1-1: Called Strike
1-2: Ball
2-2: Strikes out swinging
Batting: LHB Willie Wallace 0-0: Ball
1-0: Fly out, F8 (Flyball, 8LD)
Batting: RHB Stephen Wilson 0-0: Called Strike
0-1: Ball
1-1: Ground out 6-3 (Groundball, 6S)
Bottom of the 3rd over - 0 run(s), 1 hit(s), 0 error(s), 1 left on base; Irvine 3 - Los Cabos 3
TOP OF THE 4TH
Irvine Gang Green batting - Pitching for Los Cabos Cartel : RHP Marty Burgess
Batting: LHB Jesús Campos 0-0: Ground out U3 (Groundball, 34)
Batting: LHB Jorge Martínez 0-0: Foul Ball, location: 2F
0-1: Foul Ball, location: 2F
0-2: Ball
1-2: Ball
2-2: Ball
3-2: Ground out 1-3 (Groundball, 13S)
Batting: LHB Víctor Quiñones 0-0: Foul Ball, location: 2F
0-1: Fly out, F8 (Flyball, 8RM)
Top of the 4th over - 0 run(s), 0 hit(s), 0 error(s), 0 left on base; Irvine 3 - Los Cabos 3
BOTTOM OF THE 4TH
Los Cabos Cartel batting - Pitching for Irvine Gang Green : RHP Jung Chwa
Batting: LHB Luis González 0-0: Swinging Strike
0-1: Foul Ball, location: 2F
0-2: Ball
1-2: Ground out 3-1 (Groundball, 34S)
Batting: LHB Doyle Otterburn 0-0: Ball
1-0: Ball
2-0: Foul Ball, location: 2F
2-1: Foul Ball, location: 2F
2-2: Foul Ball, location: 2F
2-2: SINGLE (Groundball, 34D)
Batting: RHB José Hernández 0-0: Ball
1-0: Foul Ball, location: 2F
1-1: Called Strike
1-2: Foul Ball, location: 2F
1-2: Foul Ball, location: 2F
1-2: Foul Ball, location: 2F
1-2: Strikes out swinging
Batting: RHB Fernando Martínez 0-0: Ground out 5-3 (Groundball, 56)
Bottom of the 4th over - 0 run(s), 1 hit(s), 0 error(s), 1 left on base; Irvine 3 - Los Cabos 3
TOP OF THE 5TH
Irvine Gang Green batting - Pitching for Los Cabos Cartel : RHP Marty Burgess
Batting: RHB Buck Jones 0-0: Ground out 5-3 (Groundball, 5)
Batting: LHB José Sánchez 0-0: Foul Ball, location: 2F
0-1: Ground out 4-3 (Groundball, 4)
Batting: RHB José Salazar 0-0: Called Strike
0-1: Foul Ball, location: 2F
0-2: Ball
1-2: Foul Ball, location: 2F
1-2: Ball
2-2: Ball
3-2: SINGLE (Groundball, 6MD)
Batting: LHB Tony Tavárez 0-0: Swinging Strike
0-1: Swinging Strike
0-2: Strikes out swinging
Top of the 5th over - 0 run(s), 1 hit(s), 0 error(s), 1 left on base; Irvine 3 - Los Cabos 3
BOTTOM OF THE 5TH
Los Cabos Cartel batting - Pitching for Irvine Gang Green : RHP Jung Chwa
Batting: LHB Stanley Mullins 0-0: Ball
1-0: Swinging Strike
1-1: Reached via error on a dropped throw, E3
Batting: SHB Julián Madrid 0-0: Ball
1-0: Called Strike
1-1: Fly out, F7 (Flyball, 7S)
Batting: RHB Edward Young 0-0: Ball
1-0: Ball
2-0: Called Strike
2-1: Fly out, F9 (Flyball, 9LM)
Batting: LHB Willie Wallace 0-0: Called Strike
Stanley Mullins steals 2nd base
0-1: Ball
1-1: Swinging Strike
1-2: Ball
2-2: Ball
3-2: Foul Ball, location: 2F
3-2: Strikes out looking
Bottom of the 5th over - 0 run(s), 0 hit(s), 1 error(s), 1 left on base; Irvine 3 - Los Cabos 3
TOP OF THE 6TH
Irvine Gang Green batting - Pitching for Los Cabos Cartel : RHP Marty Burgess
Pitching: RHP Alberto Bonilla
Batting: RHB Tom Doherty 0-0: Called Strike
0-1: Ball
1-1: Ball
2-1: Ball
3-1: Base on Balls
Batting: LHB Leonardo Medina 0-0: Ball
1-0: Foul Ball, location: 2F
1-1: Ball
2-1: Fly out, F3 (Line Drive, 34)
Lined into DP, U3 (Line Drive, 34)
Batting: LHB Jesús Campos 0-0: Called Strike
0-1: Swinging Strike
0-2: Ball
1-2: Ball
2-2: Ball
3-2: Base on Balls
Batting: LHB Jorge Martínez 0-0: Called Strike
0-1: Ball
1-1: Foul Ball, location: 2F
1-2: Ball
Balk!
Jesús Campos to second
2-2: Ground out U3 (Groundball, 34)
Top of the 6th over - 0 run(s), 0 hit(s), 0 error(s), 1 left on base; Irvine 3 - Los Cabos 3
BOTTOM OF THE 6TH
Los Cabos Cartel batting - Pitching for Irvine Gang Green : RHP Jung Chwa
Batting: RHB Stephen Wilson 0-0: Foul Ball, location: 2F
0-1: SINGLE (Groundball, 6MD)
Batting: LHB Luis González 0-0: Fly out, F9 (Flyball, 9D)
Batting: LHB Doyle Otterburn 0-0: Ball
1-0: Fielders Choice at 2nd, 1-6 (Groundball, P)
Batting: RHB José Hernández 0-0: Foul Ball, location: 2F
0-1: Fly out, F9 (Flyball, 9LS)
Bottom of the 6th over - 0 run(s), 1 hit(s), 0 error(s), 1 left on base; Irvine 3 - Los Cabos 3
TOP OF THE 7TH
Irvine Gang Green batting - Pitching for Los Cabos Cartel : RHP Alberto Bonilla
Pitching: LHP António Martínez
Batting: LHB Víctor Quiñones 0-0: Ball
1-0: Ball
2-0: Fly out, F8 (Flyball, 8LS)
Batting: RHB Buck Jones 0-0: Ball
1-0: Swinging Strike
1-1: Foul Ball, location: 2F
1-2: DOUBLE (Flyball, 9D)
Pitching: LHP Tom Miller
Pinch Hitting: RHB Eichiro Yamamoto 0-0: Foul Ball, location: 2F
0-1: Ball
1-1: SINGLE (Groundball, 6D)
Buck Jones to third
Runner from 3rd tries for Home, SAFE, no throw
Pinch Hitting: RHB Manny Copriviza 0-0: Foul Ball, location: 2F
0-1: Ball
1-1: Ball
2-1: Ball
3-1: Swinging Strike
3-2: Foul Ball, location: 2F
3-2: Base on Balls
Eichiro Yamamoto to second
Batting: LHB Tony Tavárez 0-0: Called Strike
0-1: Ball
1-1: Ball
2-1: Ball
3-1: Fielders Choice at 2nd, 6-4 (Groundball, 56)
Eichiro Yamamoto to third
Batting: RHB Tom Doherty 0-0: Ball
1-0: Ball
2-0: Called Strike
2-1: Foul Ball, location: 2F
2-2: Ball
3-2: Base on Balls
Tony Tavárez to second
Batting: LHB Leonardo Medina 0-0: Fly out, F3 (Popup, 3S)
Top of the 7th over - 1 run(s), 2 hit(s), 0 error(s), 3 left on base; Irvine 4 - Los Cabos 3
BOTTOM OF THE 7TH
Los Cabos Cartel batting - Pitching for Irvine Gang Green : RHP Jung Chwa
Pitching: LHP Yu-shu Kong
Now at 2B: Santo Cruz
Now at 3B: Richard Coker
Batting: RHB Fernando Martínez 0-0: Fly out, F3 (Line Drive, 3L)
Batting: LHB Stanley Mullins 0-0: Ball
1-0: Ball
2-0: Foul Ball, location: 2F
2-1: Ball
3-1: Called Strike
3-2: Base on Balls
Batting: SHB Julián Madrid 0-0: Ball
1-0: Called Strike
1-1: Ball
Stanley Mullins is caught stealing 2nd base
2-1: Foul Ball, location: 2F
2-2: Ground out 5-3 (Groundball, 5L)
Bottom of the 7th over - 0 run(s), 0 hit(s), 0 error(s), 0 left on base; Irvine 4 - Los Cabos 3
TOP OF THE 8TH
Irvine Gang Green batting - Pitching for Los Cabos Cartel : LHP Tom Miller
Batting: LHB Jesús Campos 0-0: Ball
1-0: Fly out, F9 (Flyball, 9)
Batting: LHB Jorge Martínez 0-0: Ball
1-0: Swinging Strike
1-1: Foul Ball, location: 2F
1-2: Strikes out swinging
Batting: LHB Víctor Quiñones 0-0: Called Strike
0-1: Swinging Strike
0-2: Strikes out looking
Top of the 8th over - 0 run(s), 0 hit(s), 0 error(s), 0 left on base; Irvine 4 - Los Cabos 3
BOTTOM OF THE 8TH
Los Cabos Cartel batting - Pitching for Irvine Gang Green : LHP Yu-shu Kong
Pitching: RHP Kuang-yin Yue
Now at SS: Rafael González
Batting: RHB Edward Young 0-0: Foul Ball, location: 2F
0-1: Foul Ball, location: 2F
0-2: Foul Ball, location: 2F
0-2: Strikes out swinging
Pitching: RHP Raúl Saltines
Batting: LHB Willie Wallace 0-0: Called Strike
0-1: SINGLE (Groundball, 6MD)
Batting: RHB Stephen Wilson 0-0: Fielders Choice at 2nd, 5-4 (Groundball, 5L)
Batting: LHB Luis González 0-0: Ball
1-0: 2-RUN HOME RUN (Flyball, 9D), Distance : 386 ft
Batting: LHB Doyle Otterburn 0-0: Ball
1-0: Ball
2-0: Ball
3-0: Swinging Strike
3-1: Swinging Strike
3-2: Strikes out swinging
Bottom of the 8th over - 2 run(s), 2 hit(s), 0 error(s), 0 left on base; Irvine 4 - Los Cabos 5
TOP OF THE 9TH
Irvine Gang Green batting - Pitching for Los Cabos Cartel : LHP Tom Miller
Pitching: RHP Masahiko Okada
Batting: RHB Buck Jones 0-0: Called Strike
0-1: Foul Ball, location: 2F
0-2: Ball
1-2: Ball
2-2: SINGLE (Flyball, 89S)
Batting: RHB Santo Cruz 0-0: Sac Bunt - play at first, batter OUT! 1-4
Buck Jones to second
Batting: RHB Richard Coker 0-0: Ball
1-0: Called Strike
1-1: Foul Ball, location: 2F
1-2: Ball
2-2: Ground out 4-3 (Groundball, 4)
Buck Jones to third
Batting: LHB Tony Tavárez 0-0: Called Strike
0-1: Foul Ball, location: 2F
0-2: SINGLE (Groundball, 4D)
Buck Jones scores
Pitching: LHP Santiago González
Batting: RHB Tom Doherty 0-0: Ball
1-0: Called Strike
1-1: TRIPLE (Groundball, 5L)
Tony Tavárez scores
Batting: LHB Leonardo Medina 0-0: Called Strike
0-1: Ball
1-1: Called Strike
1-2: Ball
2-2: Ball
3-2: Ground out 4-3 (Groundball, 4)
Top of the 9th over - 2 run(s), 3 hit(s), 0 error(s), 1 left on base; Irvine 6 - Los Cabos 5
BOTTOM OF THE 9TH
Los Cabos Cartel batting - Pitching for Irvine Gang Green : RHP Raúl Saltines
Pitching: RHP Mike Fisher
Pinch Hitting: SHB Javier Villegas 0-0: Ball
1-0: Called Strike
1-1: Foul Ball, location: 2F
1-2: SINGLE (Line Drive, 6M)
Pinch Runner at 1st Max Jones:
Batting: RHB Fernando Martínez 0-0: Reached on error, E2 (Groundball, 23)
Max Jones to third
Batting: LHB Stanley Mullins 0-0: Ball
1-0: Ball
2-0: Swinging Strike
2-1: Fly out, F8 (Line Drive, 8RM)
Runner from 3rd tags up, SCORES, no throw
Batting: SHB Julián Madrid 0-0: Intentional Walk
Batting: RHB Edward Young 0-0: Ball
1-0: SINGLE (Groundball, 6MD)
Fernando Martínez to third
Julián Madrid to second
Runner from 3rd tries for Home, SAFE, no throw
Thursday, March 30th, 2017 - OOTP Baseball 17.12 Build 75